 Dungeon Crawl Stone Soup version 0.21-a0-349-g0c35859 (webtiles) character file.

781 tidbits the Magician (level 7, -10/60 HPs)
             Began as a Gnoll Wanderer on Oct 8, 2017.
             Was a Follower of Makhleb.
             Mangled by Edirash's ghost (17 damage)
             ... on level 8 of the Dungeon.
             The game lasted 00:17:42 (2428 turns).

tidbits the Magician (Gnoll Wanderer)               Turns: 2428, Time: 00:17:42

Health: -10/60     AC:  9    Str: 17    XL:     7   Next: 85%
Magic:  18/18      EV: 18    Int: 20    God:    Makhleb [*.....]
Gold:   306        SH:  0    Dex: 15    Spells: 14/21 levels left

rFire    . . .     SeeInvis .   a - +1 rapier
rCold    . . .     Gourm    .   (no shield)
rNeg     . . .     Faith    .   B - +0 ring mail
rPois    .         Spirit   .   E - +0 helmet
rElec    .         Reflect  .   (no cloak)
rCorr    .         Harm     .   G - +0 pair of gloves
MR       .....                  F - +0 pair of boots
Stlth    ++........             K - amulet of magic regeneration
HPRegen  0.20/turn              V - +4 ring of evasion
MPRegen  0.41/turn              H - +3 ring of intelligence

@: about to teleport
A: distributed training, fangs 1, talons 1, repulsion field 1, agile 1, clever
1, strong nose
a: Renounce Religion


You were on level 8 of the Dungeon.
You worshipped Makhleb.
Makhleb was aware of your devotion.
You were very hungry.

You visited 2 branches of the dungeon, and saw 11 of its levels.

You collected 306 gold pieces.

Inventory:

Hand Weapons
 a - a +1 rapier (weapon)
 d - a +0 club
 h - a +0 dagger
 n - a +0 short sword
 p - a +0 quarterstaff
 w - a +0 blowgun
 z - a cursed -3 hand axe
 J - a +0 mace of crushing
   (You found it on level 6 of the Dungeon)
 L - a cursed -1 hand axe
Missiles
 b - a tomahawk (quivered)
 c - 7 needles of paralysis
 x - 11 poisoned needles
 M - 7 curare-tipped needles
Armour
 t - a +0 scale mail
 B - a +0 ring mail (worn)
 E - a +0 helmet (worn)
 F - a +0 pair of boots (worn)
 G - a +0 pair of gloves (worn)
 O - a +1 pair of gloves
Jewellery
 o - an uncursed ring of teleportation
   (You found it on level 2 of the Dungeon)
 C - an uncursed ring of positive energy
   (You found it on level 4 of the Dungeon)
 H - a +3 ring of intelligence (right hand)
   (You found it on level 6 of the Dungeon)
 K - an amulet of magic regeneration (around neck)
   (You found it on level 4 of the Dungeon)
 V - a +4 ring of evasion (left hand)
   (You found it on level 1 of the Dungeon)
Wands
 P - a wand of lightning (0/15)
Scrolls
 g - 2 scrolls of magic mapping
 k - 3 scrolls of teleportation
 r - 2 scrolls of enchant armour {unknown}
 v - 2 scrolls of amnesia
 y - 8 scrolls of remove curse
 A - 2 scrolls of enchant weapon
 D - a scroll of blinking {unknown}
Potions
 e - a potion of resistance
 l - a potion of brilliance
 q - 2 potions of flight
 s - a potion of haste
 u - a potion of mutation {!q}
 N - 2 potions of curing
 Q - a potion of ambrosia
 R - a potion of lignification {unknown}
Books
 m - a book of Minor Magic

   Spells                             Type                      Level
   a - Magic Dart                     Conjuration                  1
   b - Blink                          Translocation                2
   c - Call Imp                       Summoning                    2
   d - Slow                           Hexes                        2
   e - Conjure Flame                  Conjuration/Fire             3
   f - Mephitic Cloud                 Conjuration/Poison/Air       3
Comestibles
 f - 6 bread rations
 i - 3 royal jellies
 j - a meat ration
 I - 3 fruits


   Skills:
 + Level 7.1 Fighting
 + Level 2.7 Short Blades
 + Level 2.7 Long Blades
 + Level 2.7 Axes
 + Level 2.7 Maces & Flails
 + Level 2.7 Polearms
 + Level 2.7 Staves
 + Level 2.7 Slings
 + Level 2.7 Bows
 + Level 2.7 Crossbows
 + Level 2.7 Throwing
 + Level 5.3 Armour
 + Level 2.7 Dodging
 + Level 2.7 Stealth
 + Level 2.7 Shields
 + Level 2.7 Unarmed Combat
 + Level 7.7 Spellcasting
 + Level 2.7 Conjurations
 + Level 2.7 Hexes
 + Level 2.7 Charms
 + Level 2.7 Summonings
 + Level 2.7 Necromancy
 + Level 2.7 Translocations
 + Level 2.7 Transmutations
 + Level 2.7 Fire Magic
 + Level 2.7 Ice Magic
 + Level 2.7 Air Magic
 + Level 2.7 Earth Magic
 + Level 2.7 Poison Magic
 + Level 2.7 Invocations
 + Level 5.3 Evocations


You had 14 spell levels left.
You knew the following spells:

 Your Spells              Type           Power        Failure   Level  Hunger
b - Blink                 Tloc           N/A          8%          2    None
i - Call Imp              Summ           ###.....     8%          2    None
m - Mephitic Cloud        Conj/Pois/Air  ###.....     16%         3    None


Dungeon Overview and Level Annotations

Branches:
Dungeon (10/15)            Temple (1/1) D:7
   Lair: D:8-11         Orc: D:9-12

Altars:
Ashenzari
Cheibriados
Dithmenos
Elyvilon
Fedhas
Gozag
Hepliaklqana
Kikubaaqudgha
Makhleb
Nemelex Xobeh
Okawaru
Qazlal
Ru
Sif Muna
Trog
Uskayaw
Vehumet
Wu Jian
Xom
Yredelemnul
Zin
The Shining One

Shops:
D:4 :

Annotations:
D:8 Edirash's ghost, novice TrAs


Innate Abilities, Weirdness & Mutations

Your experience applies equally to all skills.
You have very sharp teeth.
Your uncanny sense of smell can sniff out nearby items.
You have sharp toenails.
You are surrounded by a mild repulsion field. (EV +2)
You are agile. (Dex +2)
Your mind is acute. (Int +2)


Message History

You see here a scroll of magic mapping.
g - 2 scrolls of magic mapping (gained 1)
Found a potion of ambrosia.
You open the door.
There is an open door here.
Found 6 gold pieces.
You see here a potion of ambrosia.
Q - a potion of ambrosia You see here 6 gold pieces.
You now have 291 gold pieces (gained 6).
Found a ring mail.
You open the door.
Found 15 gold pieces.
There is an open door here.
You see here 15 gold pieces.
You now have 306 gold pieces (gained 15).
There is an open door here.
You see here a ring mail.
As you open the door, it creaks loudly!
You hear a shout!
Something shouts, "Flee, thou erky weather-bitten mish-mash!"
You hear a shout!
Found a potion of flight.
Found a stone staircase leading up.
There is an open door here.
You see here a potion of flight.
q - 2 potions of flight (gained 1)
There is a stone staircase leading up here.
You climb upwards.
The two-headed ogre shouts in stereo!
An iguana and a quokka come into view.
Found a fuming orange potion.
There is a stone staircase leading down here.
You see here a fuming orange potion.
R - a fuming orange potion Evoke which item? (* to show all) (? for menu, Esc to quit)
Okay, then.
The iguana hisses angrily.
You hit the quokka.
You kill the quokka!
Makhleb accepts your kill.
Evoke which item? (* to show all) (? for menu, Esc to quit)
Aiming: Lightning Bolt (will waste charges)
Press: ? - help, Shift-Dir - straight line You hear a mighty clap of thunder!
The bolt of lightning hits the two-headed ogre.
The two-headed ogre is moderately wounded.
The bolt of lightning hits the two-headed ogre.
The two-headed ogre is heavily wounded.
Evoking this partially-identified wand wasted a few charges.
The two-headed ogre misses you. The two-headed ogre barely misses you.
Edirash's ghost (novice Troll Assassin) comes into view.
Evoke which item? (* to show all) (? for menu, Esc to quit)
Aiming: Lightning Bolt (will waste charges)
Press: ? - help, Shift-Dir - straight line You hear a mighty clap of thunder!
The bolt of lightning hits the two-headed ogre.
The two-headed ogre is severely wounded.
The bolt of lightning hits the two-headed ogre.
The two-headed ogre is almost dead.
Evoking this partially-identified wand wasted a few charges.
Edirash's ghost wails, "To die, to sleep, no more."
The two-headed ogre hits you with a giant spiked club!!
The two-headed ogre hits you with a giant club.
Evoke which item? (* to show all) (? for menu, Esc to quit)
Aiming: Lightning Bolt (will waste charges)
Press: ? - help, Shift-Dir - straight line Nothing appears to happen.
The two-headed ogre completely misses you.
The two-headed ogre hits you with a giant club!
* * * LOW HITPOINT WARNING * * *
Evoke which item? (* to show all) (? for menu, Esc to quit)
This wand has no charges.
You puncture the two-headed ogre!
The two-headed ogre is almost dead.
You hit the two-headed ogre but do no damage.
The two-headed ogre is almost dead.
The two-headed ogre misses you. x2
You barely miss the two-headed ogre.
The two-headed ogre is almost dead.
The iguana closely misses you.
The two-headed ogre hits you but does no damage.
The two-headed ogre misses you. The iguana barely misses you.
You hit the two-headed ogre but do no damage.
You bite the two-headed ogre, but do no damage.
The two-headed ogre is almost dead.
Edirash's ghost shouts, "Do you think the gods will protect you?"
The two-headed ogre closely misses you. The two-headed ogre barely misses you.
The iguana bites you.
* * * LOW HITPOINT WARNING * * *
Edirash's ghost completely misses you. The iguana misses you.
Found 20 gold pieces.
Edirash's ghost hits you!
* * * LOW HITPOINT WARNING * * *
Found 14 gold pieces.
There is an open door here.
Okay, then.
Okay, then.
As you read the scroll of teleportation, it crumbles to dust.
You feel strangely unstable. Edirash's ghost hits you!
You die...

######....#
#.........#
#.........#
........>#
......##.#
####....#
#######l...#
#..$..#O...#
#....@#....#
+.....W....#
#.....#.......#
#########....$#
#.....# ......
..#### ..


You could see Edirash's ghost.

Vanquished Creatures
  A hippogriff (D:8)
  An ice beast (D:6)
  A big kobold (D:10)
  A scorpion (D:4)
  A hound (D:5)
  2 jellies
  An orc priest (D:6)
  A bullfrog skeleton (D:5)
  An iguana (D:6)
  2 orc wizards
  2 worker ants (D:4)
  A gnoll (D:6)
  4 adders
  3 shadow imps (D:6)
  An ooze (D:3)
  A leopard gecko (D:2)
  11 orcs
  A giant cockroach (D:5)
  A hobgoblin (D:3)
  2 jackals (D:3)
  6 kobolds
  2 quokkas
  A ball python (D:4)
  4 bats
  5 frilled lizards
  2 leopard gecko skeletons (D:4)
  A rat (D:2)
60 creatures vanquished.

Notes
Turn   | Place    | Note
-------+----------+-------------------------------------------
     0 | D:1      | tidbits the Gnoll Wanderer began the quest for the Orb.
     0 | D:1      | tidbits set off with: a book of Minor Magic, a +0 ring mail, a potion of curing, a +0 club, a bread ration
     0 | D:1      | Reached XP level 1. HP: 23/23 MP: 8/8
   126 | D:2      | Found a shimmering altar of Xom.
   126 | D:2      | Found a shimmering altar of Xom.
   127 | D:2      | Found a shimmering altar of Xom.
   127 | D:2      | Found a shimmering altar of Xom.
   127 | D:2      | Found a shimmering altar of Xom.
   135 | D:2      | You fall through a shaft!
   147 | D:3      | Reached XP level 2. HP: 27/29 MP: 10/10
   151 | D:3      | Learned a level 2 spell: Blink
   154 | D:3      | Learned a level 2 spell: Call Imp
   594 | D:3      | Reached XP level 3. HP: 33/35 MP: 11/11
   733 | D:4      | Noticed a scorpion
   739 | D:4      | Killed a scorpion
   739 | D:4      | Reached skill level 1 in Short Blades
   739 | D:4      | Reached skill level 1 in Long Blades
   739 | D:4      | Reached skill level 1 in Axes
   739 | D:4      | Reached skill level 1 in Maces & Flails
   739 | D:4      | Reached skill level 1 in Polearms
   739 | D:4      | Reached skill level 1 in Staves
   739 | D:4      | Reached skill level 1 in Slings
   739 | D:4      | Reached skill level 1 in Bows
   739 | D:4      | Reached skill level 1 in Crossbows
   739 | D:4      | Reached skill level 1 in Throwing
   739 | D:4      | Reached skill level 1 in Dodging
   739 | D:4      | Reached skill level 1 in Stealth
   739 | D:4      | Reached skill level 1 in Shields
   739 | D:4      | Reached skill level 1 in Unarmed Combat
   739 | D:4      | Reached skill level 1 in Conjurations
   739 | D:4      | Reached skill level 1 in Hexes
   739 | D:4      | Reached skill level 1 in Charms
   739 | D:4      | Reached skill level 1 in Summonings
   739 | D:4      | Reached skill level 1 in Necromancy
   739 | D:4      | Reached skill level 1 in Translocations
   739 | D:4      | Reached skill level 1 in Transmutations
   739 | D:4      | Reached skill level 1 in Fire Magic
   739 | D:4      | Reached skill level 1 in Ice Magic
   739 | D:4      | Reached skill level 1 in Air Magic
   739 | D:4      | Reached skill level 1 in Earth Magic
   739 | D:4      | Reached skill level 1 in Poison Magic
   739 | D:4      | Reached skill level 1 in Invocations
   739 | D:4      | Reached XP level 4. HP: 32/41 MP: 10/13
   785 | D:4      | Found Ygiyzer's Book Boutique.
   829 | D:5      | Entered Level 5 of the Dungeon
   886 | D:5      | Reached XP level 5. HP: 39/47 MP: 14/14
   997 | D:6      | Gained mutation: You have sharp toenails. [potion of mutation]
   997 | D:6      | Gained mutation: You are surrounded by a mild repulsion field. (EV +2) [potion of mutation]
   997 | D:6      | Gained mutation: Your mind is acute. (Int +2) [potion of mutation]
   997 | D:6      | Gained mutation: You are agile. (Dex +2) [potion of mutation]
  1008 | D:6      | HP: 1/47 [iguana (12)]
  1023 | D:6      | Learned a level 3 spell: Mephitic Cloud
  1071 | D:7      | Found a staircase to the Ecumenical Temple.
  1077 | Temple   | Entered the Ecumenical Temple
  1121 | Temple   | Became a worshipper of Makhleb the Destroyer
  1218 | D:6      | Noticed an ice beast
  1253 | D:6      | Killed an ice beast
  1253 | D:6      | Reached skill level 5 in Armour
  1253 | D:6      | Reached skill level 5 in Evocations
  1253 | D:6      | Reached XP level 6. HP: 29/53 MP: 16/16
  1276 | D:6      | Reached skill level 2 in Short Blades
  1276 | D:6      | Reached skill level 2 in Long Blades
  1276 | D:6      | Reached skill level 2 in Axes
  1276 | D:6      | Reached skill level 2 in Maces & Flails
  1276 | D:6      | Reached skill level 2 in Polearms
  1276 | D:6      | Reached skill level 2 in Staves
  1276 | D:6      | Reached skill level 2 in Slings
  1276 | D:6      | Reached skill level 2 in Bows
  1276 | D:6      | Reached skill level 2 in Crossbows
  1276 | D:6      | Reached skill level 2 in Throwing
  1276 | D:6      | Reached skill level 2 in Dodging
  1276 | D:6      | Reached skill level 2 in Stealth
  1276 | D:6      | Reached skill level 2 in Shields
  1276 | D:6      | Reached skill level 2 in Unarmed Combat
  1276 | D:6      | Reached skill level 2 in Conjurations
  1276 | D:6      | Reached skill level 2 in Hexes
  1276 | D:6      | Reached skill level 2 in Charms
  1276 | D:6      | Reached skill level 2 in Summonings
  1276 | D:6      | Reached skill level 2 in Necromancy
  1276 | D:6      | Reached skill level 2 in Translocations
  1276 | D:6      | Reached skill level 2 in Transmutations
  1276 | D:6      | Reached skill level 2 in Fire Magic
  1276 | D:6      | Reached skill level 2 in Ice Magic
  1276 | D:6      | Reached skill level 2 in Air Magic
  1276 | D:6      | Reached skill level 2 in Earth Magic
  1276 | D:6      | Reached skill level 2 in Poison Magic
  1276 | D:6      | Reached skill level 2 in Invocations
  1575 | D:5      | Found a shimmering altar of Xom.
  1726 | D:4      | Found a deep blue altar of Sif Muna.
  1776 | D:4      | Reached XP level 7. HP: 35/59 MP: 18/18
  2009 | D:4      | Reached skill level 7 in Fighting
  2199 | D:8      | Noticed a hippogriff
  2214 | D:8      | Killed a hippogriff
  2230 | D:10     | Entered Level 10 of the Dungeon
  2267 | D:10     | Reached * piety under Makhleb
  2337 | D:10     | Noticed a gargoyle
  2410 | D:8      | Noticed a two-headed ogre
  2417 | D:8      | Noticed Edirash's ghost (novice TrAs)
  2425 | D:8      | HP: 6/60 [Edirash's ghost (9)]
  2428 | D:8      | Mangled by Edirash's ghost

Vault maps used:
D:1:      scummos_arrival_hexagon
D:2:      st_stairs_4, xom_redecorated
D:4:      lemuel_doored_altar, serial_shops, shop, first_bread
D:5:      kennysheep_path_1, eino_tiny_chamber, lemuel_tele_altar
D:6:      hangedman_abyss_or_decor_slice
D:7:      minmay_temple_entry_statues_fountains, uniq_joseph
D:8:      uniq_maurice, uniq_prince_ribbit1, uniq_erica
D:9:      grunt_ogre_cave
D:10:     uniq_erolcha
Temple:   kilobyte_greek_temple

Skill      XL: |  1  2  3  4  5  6  7 |
---------------+----------------------+-----
Short Blades   | 1 2 |  2.7
Long Blades    | 1 2 |  2.7
Axes           | 1 2 |  2.7
Maces & Flails | 1 2 |  2.7
Polearms       | 1 2 |  2.7
Staves         | 1 2 |  2.7
Slings         | 1 2 |  2.7
Bows           | 1 2 |  2.7
Crossbows      | 1 2 |  2.7
Throwing       | 1 2 |  2.7
Dodging        | 1 2 |  2.7
Stealth        | 1 2 |  2.7
Shields        | 1 2 |  2.7
Unarmed Combat | 1 2 |  2.7
Conjurations   | 1 2 |  2.7
Hexes          | 1 2 |  2.7
Charms         | 1 2 |  2.7
Summonings     | 1 2 |  2.7
Necromancy     | 1 2 |  2.7
Translocations | 1 2 |  2.7
Transmutations | 1 2 |  2.7
Fire Magic     | 1 2 |  2.7
Ice Magic      | 1 2 |  2.7
Air Magic      | 1 2 |  2.7
Earth Magic    | 1 2 |  2.7
Poison Magic   | 1 2 |  2.7
Invocations    | 1 2 |  2.7
Armour         | 5 |  5.3
Evocations     | 5 |  5.3
Fighting       | 7 |  7.1
Spellcasting   | |  7.7

Action                   |  1- 3 |  4- 6 |  7- 9 || total
-------------------------+-------+-------+-------++-------
Melee: Club              |    12 |       |       ||    12
       Rapier            |    61 |   121 |    95 ||   277
       Bite              |     7 |    14 |    12 ||    33
       Punch             |       |     5 |     1 ||     6
 Fire: Blowgun           |       |       |     5 ||     5
Throw: Tomahawk          |       |       |     1 ||     1
 Cast: Call Imp          |     2 |       |       ||     2
Evoke: Wand              |       |       |     2 ||     2
  Use: Scroll            |    13 |     2 |     1 ||    16
       Potion            |       |     5 |       ||     5
 Stab: Paralysed         |       |       |     1 ||     1
  Eat: Chunk             |       |     2 |     2 ||     4
Armor: Ring mail         |    32 |    34 |    39 ||   105
Dodge: Dodged            |    54 |    78 |    94 ||   226

Table legend:
 A = Spawn XP
 B = Non-spawn XP
 C = Spawn XP percentage of total XP
 D = Spawn monster count
 E = Non-spawn monster count
 F = Spawn count percentage of total count
 G = Total turns spent on level
                    A         B        C        D         E        F      G
               +---------+---------+-------+---------+---------+-------+---------
         Total |       0 |    1117 |   0.0 |       0 |      60 |   0.0 |  2428
               +---------+---------+-------+---------+---------+-------+---------
           D:1 |       0 |       7 |   0.0 |       0 |       6 |   0.0 |   218
           D:2 |       0 |       8 |   0.0 |       0 |       5 |   0.0 |   315
           D:3 |       0 |      33 |   0.0 |       0 |       9 |   0.0 |   166
           D:4 |       0 |     266 |   0.0 |       0 |      18 |   0.0 |   576
           D:5 |       0 |     124 |   0.0 |       0 |       5 |   0.0 |   369
           D:6 |       0 |     312 |   0.0 |       0 |      11 |   0.0 |   388
           D:8 |       0 |     260 |   0.0 |       0 |       3 |   0.0 |   100
          D:10 |       0 |     107 |   0.0 |       0 |       3 |   0.0 |   114
               +---------+---------+-------+---------+---------+-------+---------

Table legend:
 A = Turns spent in this place as a percentage of turns spent in the entire game.
 B = Non-inter-level travel turns spent in this place as a percentage of non-inter-level travel turns spent in the entire game.
 C = Inter-level travel turns spent in this place as a percentage of turns spent in this place.
 D = Turns resting spent in this place as a percentage of non-inter-level travel turns spent in this place.
 E = Turns spent auto-exploring this place as a percentage of non-inter-level travel turns spent in this place.
 F = Non-inter-level travel turns spent in this place divided by the number of levels of this place that you've seen.
                   A       B       C       D       E      F
               +-------+-------+-------+-------+-------+----------------------
         Total | 100.0 | 100.0 |   2.3 |   0.0 |   0.0 | 215.7
       Dungeon |  96.4 |  98.1 |   0.6 |   0.0 |   0.0 | 232.7
        Temple |   3.6 |   1.9 |  47.1 |   0.0 |   0.0 |  46.0
               +-------+-------+-------+-------+-------+----------------------

Table legend:
 A = Kills in this place as a percentage of kills in entire the game.
 B = Kills by you in this place as a percentage of kills by you in the entire game.
 C = Kills by friends in this place as a percentage of kills by friends in the entire game.
 D = Other kills in this place as a percentage of other kills in the entire game.
 E = Experience gained in this place as a percentage of experience gained in the entire game.
 F = Experience gained in this place divided by the number of levels of this place that you have seen.
                   A       B       C       D       E      F
               +-------+-------+-------+-------+-------+----------------------
         Total | 100.0 | 100.0 |   N/A |   N/A | 100.0 | 101.5
       Dungeon | 100.0 | 100.0 |   N/A |   N/A | 100.0 | 111.7
               +-------+-------+-------+-------+-------+----------------------

Vault maps used:
D:1:      scummos_arrival_hexagon
D:2:      st_stairs_4, xom_redecorated
D:4:      lemuel_doored_altar, serial_shops, shop, first_bread
D:5:      kennysheep_path_1, eino_tiny_chamber, lemuel_tele_altar
D:6:      hangedman_abyss_or_decor_slice
D:7:      minmay_temple_entry_statues_fountains, uniq_joseph
D:8:      uniq_maurice, uniq_prince_ribbit1, uniq_erica
D:9:      grunt_ogre_cave
D:10:     uniq_erolcha
Temple:   kilobyte_greek_temple
